 Dungeon Crawl Stone Soup version 0.29-a0-1027-gcd8c55af63 (webtiles) character file.

Game seed: 15961969277397202972

1649 timneilson the Shield-Bearer (level 9, -3/81 HPs)
             Began as a Gargoyle Fighter on Aug 13, 2022.
             Was a Believer of Qazlal.
             Slain by Duvessa
             ... wielding a +0 rapier
              (4 damage)
             ... on level 6 of the Dungeon.
             The game lasted 00:15:41 (6478 turns).

timneilson the Shield-Bearer (Gargoyle Fighter)     Turns: 6478, Time: 00:15:41

Health: -3/81      AC: 28    Str: 25    XL:     9   Next: 0%
Magic:  11/11      EV:  2    Int:  8    God:    Qazlal [**....]
Gold:   259        SH:  9    Dex:  9    Spells: 8/8 levels left

rFire   . . .      SeeInvis +   a - +1 long sword
rCold   . . .      Faith    .   c - +1 buckler
rNeg    + . .      Spirit   .   (body armour currently unavailable)
rPois   ∞          Reflect  .   (helmet currently unavailable)
rElec   .          Harm     .   (cloak currently unavailable)
rCorr   .          Rampage  .   (gloves currently unavailable)
Will    .....      NoTele   +   (boots currently unavailable)
Stlth   +.........              (no amulet)
HPRegen 0.23/turn               b - +4 ring of protection
MPRegen 0.12/turn               u - ring of see invisible

@: tree-form
A: stationary, stasis, torment immunity, boosted hp, sickness immunity, AC +6,
negative energy resistance 1, (electricity resistance), torment resistance 1,
petrification resistance
a: Renounce Religion, Upheaval


You were on level 6 of the Dungeon.
You worshipped Qazlal.
Qazlal was pleased with you.
You were a tree.
You visited 1 branch of the dungeon, and saw 6 of its levels.
You also visited: Sewer.

You collected 259 gold pieces.

Inventory:

Hand Weapons
 a - a +1 long sword (weapon)
Armour
 c - a +1 buckler (worn)
 h - a +0 helmet (melded)
 j - a scarf of resistance (melded)
 n - a +0 chain mail (melded)
Jewellery
 b - a +4 ring of protection (left branch)
 u - a ring of see invisible (right branch)
Wands
 i - a wand of flame (14)
 t - a wand of quicksilver (14)
Scrolls
 k - 2 scrolls of poison
 p - a scroll of enchant weapon
 q - 2 scrolls of fear
 w - 3 scrolls of teleportation
 x - a scroll of identify
Potions
 d - 5 potions of might
 g - 2 potions of resistance
 l - a potion of cancellation {unknown}
 m - 2 potions of invisibility
 o - 2 potions of lignification
 r - a potion of attraction {unknown}


   Skills:
 + Level 5.1 Fighting
 * Level 4.8 Long Blades
 * Level 6.4 Armour
 + Level 2.6 Dodging
 * Level 6.5 Shields
 + Level 3.2 Invocations
 + Level 2.2 Evocations


You had 8 spell levels left.
You didn't know any spells.
Your spell library contained the following spells:

 Spells                   Type           Power      Damage    Failure   Level
 Gell's Gravitas          Tloc           0%         N/A       86%         3
 Ozocubu's Armour         Ice            0%         N/A       86%         3
 Teleport Other           Tloc           0%         N/A       86%         3
 Dispersal                Tloc           0%         N/A       100%        6
 Ozocubu's Refrigeration  Ice            0%         4d7       100%        7


Dungeon Overview and Level Annotations

Branches:
Dungeon (6/15)             Temple (0/1) D:4           Sewer (visited)

Altars:
Elyvilon
Hepliaklqana
Qazlal
The Shining One

Annotations:
D:4 3 runed translucent doors, greenreed's ghost, novice MiMo
D:6 Duvessa


Innate Abilities, Weirdness & Mutations

You are a tree.
Your roots penetrate the ground, keeping you stationary.
You cannot be teleported.
You are immune to unholy pain and torment.
Your maximum health is greatly increased.
Your equipment is partially melded.
You are immune to sickness and miasma.
((Your stone body is resilient. (AC +6)))
You are immune to poison.
You resist negative energy. (rN+)
((You are resistant to electric shocks. (rElec)))
You are resistant to unholy torment.
You are immune to petrification.


Message History

You hit Duvessa but do no damage.
Duvessa is severely wounded.
Duvessa hits you with a +0 rapier!
* * * LOW HITPOINT WARNING * * *
Duvessa hits you with a +0 rapier.
* * * LOW HITPOINT WARNING * * *
You closely miss Duvessa.
Duvessa is severely wounded.
Duvessa barely misses you. x2
You feel better. Duvessa hits you with a +0 rapier!
* * * LOW HITPOINT WARNING * * *
You feel better. Duvessa hits you with a +0 rapier.
* * * LOW HITPOINT WARNING * * *
Duvessa hits you with a +0 rapier!
* * * LOW HITPOINT WARNING * * *
You feel better. You block Duvessa's attack. Duvessa closely misses you.
Duvessa hits you with a +0 rapier.
* * * LOW HITPOINT WARNING * * *
You feel better. Duvessa hits you but does no damage.
Really quaff the potion of lignification? [Y]es or [N]o only, please.
Really quaff the potion of lignification?
You turn into a tree.
Your scarf of resistance melds into your body.
Your +0 helmet melds into your body.
Your +0 chain mail melds into your body.
You feel hot and cold all over.
Your roots penetrate the ground.
You block Duvessa's attack. Duvessa hits you but does no damage.
You hit Duvessa but do no damage.
Duvessa is severely wounded.
Duvessa hits you with a +0 rapier!
* * * LOW HITPOINT WARNING * * *
Unknown command.
You hit Duvessa but do no damage.
Duvessa is severely wounded.
Duvessa hits you with a +0 rapier.
* * * LOW HITPOINT WARNING * * *
Duvessa hits you with a +0 rapier.
You die...

###.....>.....?.........#
............)...........#
.......................$#
................<.......#
...................)....#
.....).............†...##
......#................#
......#.....).$..○......#
...............e♣§......#
....#..........○.....[..#
...####.?...............#
#.. #...................
...
......................
......###.#............
#....#.# #...........
###..... ......#..###


You could see Duvessa (berserk).

Vanquished Creatures
  A water moccasin (D:4)
  An ice beast (D:5)
  2 black bears
  An ogre (D:6)
  A centaur (D:5)
  4 bullfrogs
  A necrophage (D:6)
  3 scorpions
  Dowan (D:6)
  2 hounds (D:5)
  2 jellies (D:5)
  An orc priest (D:2)
  Jessica (D:3)
  An iguana (D:5)
  Natasha (thrice) (D:3)
  3 orc wizards
  3 gnolls (D:4)
  A river rat (Sewer)
  8 adders
  An ufetubus (D:5)
  A worm (D:2)
  A dart slug (D:1)
  9 orcs
  5 bats
  10 endoplasms
  2 giant cockroaches
  3 goblins
  9 hobgoblins
  5 kobolds
  2 quokkas
  18 ball pythons
  5 frilled lizards
  28 rats
139 creatures vanquished.

Notes
Turn   | Place    | Note
-------+----------+-------------------------------------------
     0 | D:1      | timneilson the Gargoyle Fighter began the quest for the
                  | Orb.
     0 | D:1      | Reached XP level 1. HP: 14/14 MP: 1/1
   114 | D:1      | Reached XP level 2. HP: 17/19 MP: 2/2
   209 | D:1      | Found a faded altar of an unknown god.
  1159 | D:2      | Reached XP level 3. HP: 23/23 MP: 3/3
  2116 | D:2      | Reached XP level 4. HP: 27/28 MP: 4/4
  2170 | D:3      | Found a stormy altar of Qazlal.
  2175 | D:3      | Became a worshipper of Qazlal Stormbringer
  2245 | D:3      | Noticed Natasha
  2262 | D:3      | Killed Natasha
  2270 | D:3      | Found a glowing golden altar of the Shining One.
  2442 | D:3      | Found a white marble altar of Elyvilon.
  2517 | D:3      | Noticed Jessica
  2531 | D:3      | Killed Jessica
  2532 | D:3      | Reached skill level 1 in Dodging
  2532 | D:3      | Reached XP level 5. HP: 14/33 MP: 5/5
  2587 | D:3      | Found a glowing drain.
  2591 | Sewer    | Entered a sewer
  2793 | Sewer    | Reached * piety under Qazlal
  3179 | Sewer    | Reached skill level 1 in Invocations
  3179 | Sewer    | Reached XP level 6. HP: 18/38 MP: 6/6
  3213 | Sewer    | Reached ** piety under Qazlal
  3967 | D:3      | Found a hazy altar of Hepliaklqana.
  4062 | D:3      | Noticed Natasha
  4068 | D:3      | Killed Natasha
  4069 | D:3      | Reached skill level 5 in Shields
  4160 | D:3      | Noticed Natasha
  4167 | D:3      | Killed Natasha
  4168 | D:3      | Reached XP level 7. HP: 36/43 MP: 8/8
  4603 | D:4      | Reached skill level 5 in Armour
  4605 | D:4      | Found a runed translucent gate.
  4605 | D:4      | Found a runed translucent gate.
  4605 | D:4      | Noticed greenreed's ghost (novice MiMo)
  4632 | D:4      | Found a runed translucent gate.
  4918 | D:4      | Reached skill level 1 in Evocations
  5000 | D:4      | Found a staircase to the Ecumenical Temple.
  5330 | D:5      | Entered Level 5 of the Dungeon
  5364 | D:5      | Reached XP level 8. HP: 46/48 MP: 9/9
  6384 | D:6      | Reached skill level 5 in Fighting
  6423 | D:6      | Noticed Dowan
  6430 | D:6      | Noticed Duvessa
  6453 | D:6      | Killed Dowan
  6454 | D:6      | Reached XP level 9. HP: 34/54 MP: 11/11
  6470 | D:6      | HP: 1/54 [Duvessa/+0 rapier (12)]
  6477 | D:6      | HP: 4/81 [Duvessa/+0 rapier (9)]
  6478 | D:6      | HP: 1/81 [Duvessa/+0 rapier (3)]
  6478 | D:6      | Slain by Duvessa

Illustrated notes

Levels and vault maps discovered:
D:1:      ebering_trefoil_twist, layout_basic, ebering_ecumenical_altar_hall
D:2:      layout_basic
D:3:      layout_basic, grunt_qazlal_clouds, lemuel_coloured_pillars_altar,
          nicolae_tso_carved_into_rock, nicolae_hepliaklqana_hippocampus,
          gup_sewer_entry_bowl, uniq_natasha, uniq_jessica
D:4:      layout_rooms, minmay_temple_entry_offerings, gammafunk_ghost_split,
          kennysheep_doodads
D:5:      layout_rooms
D:6:      layout_rooms, amcnicky_altar_gilded, palyth_stone_intersect,
          nicolae_wooded_promenade, uniq_duvessa

Skill      XL: |  1  2  3  4  5  6  7  8 |
---------------+-------------------------+-----
Long Blades    | 2 3 4 |  4.8
Armour         | 4 5 6 |  6.4
Shields        | 4 5 6 |  6.5
Dodging        | 1 2 |  2.6
Fighting       | 4 5 |  5.1
Invocations    | 1 2 3 |  3.2
Evocations     | 1 2 |  2.2

Action                   |  1- 3 |  4- 6 |  7- 9 || total
-------------------------+-------+-------+-------++-------
Melee: Long sword        |   167 |   248 |   228 ||   643
  Use: Scroll            |       |     9 |     7 ||    16
       Potion            |       |       |     8 ||     8
Armor: Scale mail        |    86 |   197 |       ||   283
       Skin              |       |    10 |     1 ||    11
       Chain mail        |       |    20 |   185 ||   205
Dodge: Dodged            |    94 |   192 |   133 ||   419
Block: Buckler           |    41 |   120 |   136 ||   297

Table legend: (Time is in decaauts)
 A = Elapsed time spent in this place.
 B = Non-inter-level travel time spent in this place.
 C = Inter-level travel time spent in this place.
 D = Time resting spent in this place.
 E = Time spent auto-exploring this place.
 F = Levels seen in this place.
 G = Mean time per level.
                   A        B        C        D        E       F      G
               +--------+--------+--------+--------+--------+-----+--------+
         Total |   6740 |   6553 |    187 |    246 |   4535 |   7 |  962.9 |
       Dungeon |   5816 |   5629 |    187 |    146 |   4063 |   6 |  969.3 |
         Sewer |    924 |    924 |      0 |    100 |    471 |   1 |  924.0 |
               +--------+--------+--------+--------+--------+-----+--------+

Top non-repeatable levels by time:
     D:2: 1641 daAuts
     D:3: 1439 daAuts
     D:5: 1060 daAuts
   Sewer: 924 daAuts
     D:4: 831 daAuts
     D:1: 719 daAuts
     D:6: 123 daAuts
